[Event "*** Titled Tuesday 3|2 Blitz"]
[Site "Chess.com"]
[Date "2016.10.04"]
[Round "3"]
[White "pedromartinez91"]
[Black "oskariot"]
[Result "1-0"]
[WhiteElo "2362"]
[BlackElo "2372"]
[TimeControl "180+2"]
[EndTime "11:34:08 PDT"]
[Termination "pedromartinez91 won by resignation"]

1. Nf3 Nf6 2. g3 g6 3. Bg2 Bg7 4. O-O O-O 5. d4 d5 6. c4 dxc4 7. Na3 c3 8. bxc3 c5 9. Nc4 Nc6 10. Nfe5 Be6 11. Nxc6 bxc6 12. Ne5 Bd5 13. Nxc6 Qc7 14.
Ne5 Rfd8 15. Bf4 Bxg2 16. Kxg2 Qb7+ 17. Nf3 Ne4 18. Qd3 g5 19. Rab1 Qc6 20. d5 Qxd5 21. Qxd5 Rxd5 22. c4 Rf5 23. Be3 g4 24.
Nh4 Re5 25. Rb7 Nc3 26. h3 gxh3+ 27. Kxh3 Nxe2 28. Rfb1 Nc3 29. Rb8+ Rxb8 30. Rxb8+ Bf8 31. Bh6 1-0

[Event "*** Titled Tuesday 3|2 Blitz"]
[Site "Chess.com"]
[Date "2016.10.04"]
[Round "3"]
[White "tango_argentino"]
[Black "DavitZarkua"]
[Result "1/2-1/2"]
[WhiteElo "2356"]
[BlackElo "2518"]
[TimeControl "180+2"]
[EndTime "11:34:16 PDT"]
[Termination "Game drawn by repetition"]

1. e4 c6 2. Nc3 d5 3. Qe2 d4 4.
Nd1 e5 5. g3 Nf6 6. Bh3 Be7 7.
Bxc8 Qxc8 8. d3 O-O 9. f4 exf4 10. gxf4 c5 11. Nf2 Nc6 12. Nf3 Re8 13. O-O Bf8 14.
Kh1 b5 15. Rg1 g6 16. a3 c4 17. e5 Nd5 18. Ne4 Qf5 19. Qd2 cxd3 20. cxd3 f6 21. exf6 Nxf6 22. Nfg5 Nd5 23. Qc2 Rac8 24. Qb3 Kh8 25.
Qxb5 h6 26. Nf3 Rxe4 27. Nh4 Qe6 28. Nxg6+ Kh7 29. dxe4 Qxe4+ 30. Rg2 Qe1+ 31. Rg1 Qe4+ 32. Rg2 Qe1+ 33. Rg1 Qe4+ 34. Rg2 1/2-1/2

[Event "*** Titled Tuesday 3|2 Blitz"]
[Site "Chess.com"]
[Date "2016.10.04"]
[Round "3"]
[White "CheckThis4"]
[Black "ilya261991"]
[Result "0-1"]
[WhiteElo "2344"]
[BlackElo "2482"]
[TimeControl "180+2"]
[EndTime "11:34:16 PDT"]
[Termination "ilya261991 won on time"]

1. d4 Nf6 2. Bg5 e6 3. e4 h6 4.
Bxf6 Qxf6 5. c3 d5 6. Nd2 c5 7. Ngf3 Nc6 8. Bb5 Bd7 9. O-O O-O-O 10. Bxc6 Bxc6 11. Ne5 Be8 12. exd5 Rxd5 13. Ne4 Qd8 14. Qf3 f6 15. Nc4 cxd4 16. cxd4 Rxd4 17. Rac1 Bc6 18.
Rfe1 Bb4 19. Qg3 Qc7 20. Re3 Rhd8 0-1

[Event "*** Titled Tuesday 3|2 Blitz"]
[Site "Chess.com"]
[Date "2016.10.04"]
[Round "3"]
[White "Kubas1010"]
[Black "brightthunder"]
[Result "1-0"]
[WhiteElo "2466"]
[BlackElo "2380"]
[TimeControl "180+2"]
[EndTime "11:34:21 PDT"]
[Termination "Kubas1010 won by resignation"]

1. d4 Nf6 2. c4 e6 3. g3 c5 4. d5 exd5 5. cxd5 d6 6. Nc3 g6 7. Bg2 Bg7 8. Nf3 O-O 9. O-O Re8 10. Bf4 Na6 11. Nd2 Nh5 12. Be3 Nc7 13. a4 b6 14. Nc4 Ba6 15. Qb3 Bxc4 16. Qxc4 Rxe3 17. fxe3 Qe7 18. Qd3 a6 19. Rab1 Re8 20. b4 c4 21.
Qxc4 Qxe3+ 22. Kh1 Bxc3 23. Rb3 Nxg3+ 24. hxg3 Qh6+ 25.
Qh4 Qxh4+ 26. gxh4 Bd2 27. e4 Re7 28. Rd1 Bf4 29.
Rc3 Be5 30. Rc6 b5 31. a5 Ne8 32. Rxa6 Nf6 33. Bf3 Bc3 34. Rxd6 Bxb4 35. Rxf6 1-0

[Event "*** Titled Tuesday 3|2 Blitz"]
[Site "Chess.com"]
[Date "2016.10.04"]
[Round "3"]
[White "dusanacns"]
[Black "David_Klein"]
[Result "1-0"]
[WhiteElo "2552"]
[BlackElo "2384"]
[TimeControl "180+2"]
[EndTime "11:34:33 PDT"]
[Termination "dusanacns won by resignation"]

1. e4 e5 2. Nc3 Nf6 3. g3 d5 4.
exd5 Nxd5 5. Bg2 Nxc3 6. bxc3 Bd6 7. Nf3 O-O 8. O-O Nc6 9. Rb1 Rb8 10. d4 exd4 11.
cxd4 Na5 12. Re1 b6 13. Ng5 h6 14. Ne4 Bb7 15. Qh5 f5 16. Nxd6 Qxd6 17. Bf4 Qxd4 18. Bxc7 Bxg2 19. Bxb8 Ba8 20. Rbd1 Qc3 21. Re8 Rxe8 22.
Qxe8+ Kh7 23. Qe2 Qc8 24. Be5 Nc4 25. Bd4 Qc6 26. f3 Qg6 27. Qxc4 1-0

[Event "*** Titled Tuesday 3|2 Blitz"]
[Site "Chess.com"]
[Date "2016.10.04"]
[Round "3"]
[White "FLchessplayer"]
[Black "Grootneus"]
[Result "1-0"]
[WhiteElo "2025"]
[BlackElo "1997"]
[TimeControl "180+2"]
[EndTime "11:34:33 PDT"]
[Termination "FLchessplayer won by resignation"]

1. e4 c5 2. Nf3 Nc6 3. c3 Nf6 4.
e5 Nd5 5. Bc4 e6 6. O-O Be7 7.
Re1 O-O 8. a3 d6 9. d4 cxd4 10.
cxd4 Bd7 11. Qe2 Rc8 12. Bd3 Na5 13. Nbd2 Nf4 14. Qe4 Nxd3 15. Qxd3 dxe5 16. dxe5 Bc6 17. Qe3 Qd5 18. b4 Nc4 19. Qf4 Nxd2 20. Bxd2 Rfd8 21. Be3 a6 22. Qg4 Bf8 23. h3 Rd7 24. Bg5 Qd3 25.
Re3 Qc2 26. Rae1 Rd1 27. Bf6 Rxe1+ 28. Rxe1 Qg6 29. Qxg6 hxg6 30. Bg5 a5 31. bxa5 Bxa3 32. Nd4 Ra8 33. Nxc6 bxc6 34. Bd2 c5 35. Rb1 Rc8 36. Rb7 c4 37. a6 c3 38. Be3 Kh7 39.
a7 c2 40. Rb8 Bc5 41. Rxc8 1-0

[Event "*** Titled Tuesday 3|2 Blitz"]
[Site "Chess.com"]
[Date "2016.10.04"]
[Round "3"]
[White "chessbia"]
[Black "FearNoEvil12"]
[Result "0-1"]
[WhiteElo "2021"]
[BlackElo "2050"]
[TimeControl "180+2"]
[EndTime "11:34:40 PDT"]
[Termination "FearNoEvil12 won by resignation"]

1. d4 b5 2. Nf3 a6 3. g3 Bb7 4.
Bg2 Nf6 5. O-O e6 6. b3 d6 7. Bb2 Nbd7 8. c4 Be7 9. Nc3 b4 10. Nb1 O-O 11. Nbd2 c5 12. e3 a5 13. a4 Qc7 14. Re1 Rad8 15. Rc1 Rfe8 16. Nf1 Bf8 17. N3d2 Bxg2 18. Kxg2 e5 19. d5 g6 20. Qc2 Bg7 21. Ne4 Nxe4 22. Qxe4 f5 23. Qh4 e4 24. Bxg7 Kxg7 25.
h3 Ne5 26. Red1 h6 27. g4 Rf8 28. Nh2 g5 29. Qh5 f4 30. exf4 Ng6 31. Qxg6+ Kxg6 32.
f5+ Kg7 33. Re1 Rde8 34. Re3 Re5 35. Rce1 Rfe8 36. Nf1 Qf7 37. Ng3 Qe7 38. Nh5+ Kh8 39. Ng3 Qf7 40. Nh5 Rxf5 41. gxf5 Qxh5 42. Rxe4 Rxe4 43.
Rxe4 Qf7 44. Re6 Qxf5 45. Rxh6+ Kg7 46. Rxd6 g4 47. h4 Qf3+ 48. Kg1 g3 49. Rd7+ Kh6 50. Rd6+ Kh5 0-1

[Event "*** Titled Tuesday 3|2 Blitz"]
[Site "Chess.com"]
[Date "2016.10.04"]
[Round "3"]
[White "Iuri_Shkuro"]
[Black "LyonBeast"]
[Result "1-0"]
[WhiteElo "2517"]
[BlackElo "2725"]
[TimeControl "180+2"]
[EndTime "11:34:42 PDT"]
[Termination "Iuri_Shkuro won by resignation"]

1. e4 c5 2. Nc3 d6 3. f4 Nc6 4.
Nf3 g6 5. Bc4 Bg7 6. O-O e6 7.
d3 Nge7 8. Qe1 Nd4 9. Nxd4 cxd4 10. Ne2 O-O 11. Bb3 Bd7 12. a4 Rc8 13. Bd2 Kh8 14.
Kh1 f5 15. Ng1 e5 16. fxe5 dxe5 17. Bg5 Qe8 18. Qh4 Nc6 19. a5 Be6 20. Ba4 Rf7 21. a6 bxa6 22. Nf3 f4 23. g3 fxg3 24. hxg3 Qf8 25.
Kg2 Nb4 26. Rac1 h5 27. Bd2 Qd6 28. Ng5 Rxf1 29. Rxf1 Bg8 30. g4 Nxc2 31. gxh5 Bf6 32. Nf7+ 1-0

[Event "*** Titled Tuesday 3|2 Blitz"]
[Site "Chess.com"]
[Date "2016.10.04"]
[Round "3"]
[White "Izoria123"]
[Black "TomsKantans"]
[Result "0-1"]
[WhiteElo "2562"]
[BlackElo "2464"]
[TimeControl "180+2"]
[EndTime "11:34:51 PDT"]
[Termination "TomsKantans won by resignation"]

1. e4 c5 2. Nf3 Nf6 3. e5 Nd5 4.
d4 cxd4 5. Qxd4 e6 6. Bc4 Nc6 7. Qe4 f5 8. Qe2 Nde7 9. O-O Ng6 10. Nc3 a6 11. Rd1 Qc7 12. Nd5 exd5 13. Bxd5 Be7 14. h4 Nf8 15. Ng5 Ne6 16. c3 O-O 17. Qh5 Bxg5 18.
Bxg5 b5 19. Be7 Nxe7 20. Bxa8 Qxe5 21. Re1 Qb8 22. Bf3 Ng6 23. g3 Bb7 24. Bxb7 Qxb7 25.
Rad1 Ngf4 0-1

[Event "*** Titled Tuesday 3|2 Blitz"]
[Site "Chess.com"]
[Date "2016.10.04"]
[Round "3"]
[White "dabee"]
[Black "gmjoey1"]
[Result "0-1"]
[WhiteElo "2455"]
[BlackElo "2545"]
[TimeControl "180+2"]
[EndTime "11:34:51 PDT"]
[Termination "gmjoey1 won by resignation"]

1. d4 Nf6 2. Bg5 c5 3. Bxf6 gxf6 4. d5 Qb6 5. Qc1 f5 6. g3 Bg7 7. c3 d6 8. Nh3 h5 9. Nf4 h4 10. Bg2 Nd7 11. Nd2 Ne5 12. Nf3 Nxf3+ 13. Bxf3 Bh6 14. Qc2 Bd7 15. O-O-O Qa5 16. Kb1 Ba4 17. b3 Bd7 18. e4 Bg7 19. Ne2 b5 20. exf5 b4 21. c4 Qa3 22. Be4 Qa5 23. Nf4 Qb6 24.
Nd3 a5 25. Rhe1 a4 26. Nc1 axb3 27. Nxb3 Ra3 28. g4 Ba4 29. Re3 Be5 30. h3 Kd7 31. Rdd3 Ra8 32. f6 exf6 33. Bf5+ Kd8 34. Re2 Bxb3 35.
Rxb3 Rxb3+ 36. Qxb3 Ra3 37. Qd1 b3 0-1

[Event "*** Titled Tuesday 3|2 Blitz"]
[Site "Chess.com"]
[Date "2016.10.04"]
[Round "3"]
[White "RobertoJBM"]
[Black "Tarlev_Konstantin"]
[Result "1-0"]
[WhiteElo "2541"]
[BlackElo "2556"]
[TimeControl "180+2"]
[EndTime "11:34:56 PDT"]
[Termination "RobertoJBM won by resignation"]

1. d4 Nf6 2. c4 e6 3. Nf3 b6 4. g3 Ba6 5. Qa4 Bb7 6. Bg2 c5 7.
O-O cxd4 8. Nxd4 Bxg2 9. Kxg2 Be7 10. Nc3 O-O 11. Rd1 Qc8 12. Bg5 Qb7+ 13. f3 d6 14. Bxf6 Bxf6 15. Ndb5 Bxc3 16. Nxc3 Rd8 17. Rd2 Na6 18.
Rad1 Nc5 19. Qc2 Qe7 20. b4 Nb7 21. Qb3 Rac8 22. Nb5 a6 23. Nd4 d5 24. cxd5 Rxd5 25. e4 Rdd8 26. Qa4 a5 27. Nc6 Rxd2+ 28. Rxd2 Qe8 29. b5 Nc5 30. Qd4 h6 31. h4 Kh7 32.
e5 Rc7 33. Qd8 Qxd8 34. Rxd8 Rd7 35. Rxd7 Nxd7 36. f4 h5 37. Kf3 f6 38. exf6 gxf6 39.
Nd4 e5 40. Ne6 Kg6 41. Ke4 f5+ 42. Kd5 e4 43. Kc6 e3 44. Nd4 Nf6 45. Kxb6 Ne4 46. Ne2 1-0

[Event "*** Titled Tuesday 3|2 Blitz"]
[Site "Chess.com"]
[Date "2016.10.04"]
[Round "3"]
[White "Holden-Caulfield"]
[Black "TheCount"]
[Result "1-0"]
[WhiteElo "2480"]
[BlackElo "2457"]
[TimeControl "180+2"]
[EndTime "11:34:57 PDT"]
[Termination "Holden-Caulfield won by resignation"]

1. d4 Nf6 2. Nf3 g6 3. Bf4 Bg7 4. e3 d6 5. h3 O-O 6. Be2 c5 7. c3 Qb6 8. Qb3 Be6 9. Qxb6 axb6 10. a3 Nc6 11. Nbd2 Bd5 12. O-O Rfe8 13. Bh2 e5 14. dxe5 dxe5 15. Nc4 Bxc4 16. Bxc4 e4 17. Nd2 Ne5 18.
Bxe5 Rxe5 19. Rfd1 Rd8 20. Nf1 Ree8 21. Ng3 h5 22.
Kf1 h4 23. Ne2 Bf8 24. Nf4 Kg7 25. Bb5 Rxd1+ 26. Rxd1 Rc8 27. Ke2 Be7 28. Nd5 Nxd5 29. Rxd5 Rc7 30. Rd7 Rxd7 31. Bxd7 Kf6 32. Bc8 Ke5 33.
Bxb7 f5 34. f3 exf3+ 35. gxf3 g5 36. Bc8 Bd6 37. Kd3 Bc7 38. Kc4 Bd8 39. Kb5 Bc7 40.
Kc6 Bd8 41. b4 cxb4 42. cxb4 Kf6 43. a4 Ke5 44. Bd7 Kf6 45. Kb5 Ke7 46. Bxf5 Kf6 47.
Bg4 Ke5 48. a5 bxa5 49. bxa5 Kd6 50. a6 Kc7 51. Be6 Be7 52. Bd5 Kb8 53. Bb7 Bf6 54. e4 Be5 55. Kc6 Bf4 56. Kd5 1-0

[Event "*** Titled Tuesday 3|2 Blitz"]
[Site "Chess.com"]
[Date "2016.10.04"]
[Round "3"]
[White "kikydu96"]
[Black "stuffings101"]
[Result "1-0"]
[WhiteElo "2300"]
[BlackElo "2140"]
[TimeControl "180+2"]
[EndTime "11:35:04 PDT"]
[Termination "kikydu96 won by resignation"]

1. e4 d6 2. d4 Nf6 3. Nc3 g6 4. Be2 Bg7 5. h4 h5 6. Nf3 O-O 7. Ng5 Nc6 8. f3 e5 9. dxe5 Nxe5 10.
Be3 a6 11. Qd2 b5 12. O-O-O Rb8 13. Kb1 Nc4 14. Bxc4 bxc4 15. e5 Ne8 16. f4 Bg4 17. Nf3 Qc8 18. Qd5 dxe5 19. fxe5 c6 20. Qxc4 Bxf3 21.
gxf3 Bxe5 22. Bc5 Qe6 23. Qxe6 fxe6 24. Bxf8 Bxc3 25. Ba3 Nf6 26. Rd6 c5 27. Rxe6 Kf7 28. Rxa6 c4 29. Rd1 Rb7 30. f4 Bxb2 31. Bxb2 c3 32. Rd3 Rxb2+ 33. Kc1 Rb7 34. Rxc3 Nd5 35. Rcc6 Re7 36. Rxg6 Re4 37. Rgd6 Ne7 38. Rf6+ Kg7 39. Rfe6 1-0

[Event "*** Titled Tuesday 3|2 Blitz"]
[Site "Chess.com"]
[Date "2016.10.04"]
[Round "3"]
[White "LuckyTiger"]
[Black "GeorgMeier"]
[Result "1-0"]
[WhiteElo "2572"]
[BlackElo "2714"]
[TimeControl "180+2"]
[EndTime "11:35:07 PDT"]
[Termination "LuckyTiger won on time"]

1. e4 e6 2. d4 d5 3. Nc3 dxe4 4. Nxe4 Nd7 5. Nf3 Ngf6 6. Bd3 c5 7. O-O Nxe4 8.
Bxe4 Nf6 9. Bg5 cxd4 10. Nxd4 Be7 11. Bf3 O-O 12. c3 e5 13. Bxf6 Bxf6 14. Nc2 Qb6 15.
Nb4 Be6 16. Bd5 Rfd8 17. Qf3 a5 18. Bxe6 Qxe6 19. Nc2 Rd2 20. Qxb7 Rad8 21. Ne3 Bg5 22. Rae1 g6 23. a4 Qa2 24. Qb5 Rxb2 25. Qxe5 Bxe3 26. Qxe3 Qxa4 27. Qg5 Rc8 28. Re5 Qc6 29. Rxa5 Qxc3 30. Rd5 1-0

[Event "*** Titled Tuesday 3|2 Blitz"]
[Site "Chess.com"]
[Date "2016.10.04"]
[Round "3"]
[White "LornerAcosta"]
[Black "ulises2013"]
[Result "0-1"]
[WhiteElo "2340"]
[BlackElo "2318"]
[TimeControl "180+2"]
[EndTime "11:35:12 PDT"]
[Termination "ulises2013 won by resignation"]

1. Nf3 Nf6 2. e3 e6 3. c4 Be7 4. Nc3 O-O 5. Qc2 d5 6. b3 c5 7. Bb2 Nc6 8. a3 d4 9. Ne4 Nxe4 10. Qxe4 f5 11. Qc2 e5 12. d3 Bd6 13. Be2 a5 14.
exd4 exd4 15. h4 b6 16. Bc1 Bb7 17. O-O Ne5 18. Nxe5 Bxe5 19. f4 Bd6 20. h5 Qh4 21. Bf3 Bxf3 22. Rxf3 Rae8 23. Rf1 Qxh5 24. Bd2 Re2 25. Rae1 Rfe8 26. Rxe2 Rxe2 27. Qd1 Qg4 28. Rf2 Rxf2 29. Qxg4 fxg4 30. Kxf2 Kf7 31. Kg3 h5 32.
Kh4 Kg6 33. f5+ Kxf5 34. Kxh5 Bf4 35. Be1 g6+ 36. Kh4 Bc1 37. a4 Bf4 38. Bf2 Bd2 39. Kg3 Bf4+ 40. Kh4 Be5 41. Be1 Bd6 42. Bd2 Bf4 43.
Be1 Be3 44. Kg3 Bg5 45. Bf2 Bf6 46. Be1 Be5+ 47. Kh4 Bf4 48. Bf2 Bd2 49. Kg3 g5 50. Kh2 Kf4 51. Kh1 Be3 52. Be1 Bc1 53. Kg1 Ke3 54. Bg3 Kxd3 55. Bc7 Bd2 56. Bxb6 Bb4 57. Bd8 Kc3 58. Kf2 Kxb3 0-1

[Event "*** Titled Tuesday 3|2 Blitz"]
[Site "Chess.com"]
[Date "2016.10.04"]
[Round "3"]
[White "elefante33"]
[Black "Ar4uha"]
[Result "0-1"]
[WhiteElo "2452"]
[BlackElo "2468"]
[TimeControl "180+2"]
[EndTime "11:35:15 PDT"]
[Termination "Ar4uha won on time"]

1. e4 e5 2. Nf3 d6 3. d4 exd4 4.
Nxd4 Nf6 5. Nc3 Be7 6. Be2 O-O 7. Bf4 Re8 8. Qd2 Nc6 9. O-O-O Nxd4 10. Qxd4 Be6 11.
g4 Nxg4 12. Bxg4 Bxg4 13. Rdg1 Bf6 14. Qd3 Be6 15. h4 c6 16. Bxd6 Qa5 17. e5 Bxe5 18. Rg5 f6 19. f4 fxg5 20. fxe5 g4 21. h5 h6 22. Qg6 Bf7 23. Qxg4 Rxe5 24. Bxe5 Qxe5 25. Rg1 Re8 26. Ne4 Bxh5 27. Qd7 Re7 28. Qd8+ Kh7 0-1

[Event "*** Titled Tuesday 3|2 Blitz"]
[Site "Chess.com"]
[Date "2016.10.04"]
[Round "3"]
[White "Iball95"]
[Black "biostatistician"]
[Result "0-1"]
[WhiteElo "2524"]
[BlackElo "2448"]
[TimeControl "180+2"]
[EndTime "11:35:16 PDT"]
[Termination "biostatistician won by resignation"]

1. e4 e6 2. d4 d5 3. Nc3 Nf6 4. e5 Nfd7 5. f4 c5 6. Nf3 Nc6 7. Be3 a6 8. Qd2 b5 9. a3 Qa5 10. Ne2 Qxd2+ 11. Kxd2 a5 12. Nc3 b4 13. axb4 cxb4 14. Na4 Ba6 15. b3 Be7 16. Bxa6 Rxa6 17.
Rhf1 O-O 18. h3 f6 19. exf6 Nxf6 20. Kd3 Ne4 21. Nd2 Ng3 22. Rf3 Nf5 23. Bg1 Bf6 24. Nc5 Nfxd4 25. Rff1 Raa8 26. Nd7 Nf5 27. Nxf8 Bxa1 28.
Nxe6 Bc3 29. g4 Ng3 30. Rf3 Bxd2 31. Rxg3 Bc3 32. Bd4 Nxd4 33. Nxd4 a4 34. bxa4 Rxa4 35. Nb5 Ra1 36. Nxc3 bxc3 37. Kxc3 Ra3+ 38. Kd4 Rxg3 39. Kxd5 Rc3 0-1

[Event "*** Titled Tuesday 3|2 Blitz"]
[Site "Chess.com"]
[Date "2016.10.04"]
[Round "3"]
[White "BjarkeSahl"]
[Black "Saitama_Hero"]
[Result "0-1"]
[WhiteElo "2102"]
[BlackElo "2181"]
[TimeControl "180+2"]
[EndTime "11:35:18 PDT"]
[Termination "Saitama_Hero won by resignation"]

1. b3 d5 2. Bb2 Bg4 3. f4 Nf6 4. Nf3 Bxf3 5. exf3 e6 6. Bd3 Bd6 7. g3 c5 8. O-O Nc6 9. Kg2 a6 10. a3 h5 11. Nc3 h4 12. Re1 Nh5 13. Ne2 b5 14.
Ng1 hxg3 15. hxg3 Nxg3 16. Kxg3 Qh4+ 17. Kg2 Bxf4 18. Kf1 Qg3 19. Re2 Rh1 20. Rg2 Qh4 21. Qe2 c4 22. bxc4 bxc4 23. Bxc4 dxc4 24. Qxc4 Ne7 25. d3 Rc8 26. Qa4+ Rc6 27. Re1 Kd7 28. Ree2 Nf5 29. Re4 g5 30. Bf6 Ng3+ 31. Rxg3 Qxg3 32. Bd4 Qxf3+ 33. Bf2 Qd1+ 34. Re1 Qxc2 35. Qxc2 0-1

[Event "*** Titled Tuesday 3|2 Blitz"]
[Site "Chess.com"]
[Date "2016.10.04"]
[Round "3"]
[White "RodinMihail"]
[Black "Rating-Schmating"]
[Result "1-0"]
[WhiteElo "2351"]
[BlackElo "2206"]
[TimeControl "180+2"]
[EndTime "11:35:26 PDT"]
[Termination "RodinMihail won by checkmate"]

1. e4 e6 2. d4 d5 3. Nd2 a6 4. Ngf3 Nf6 5. Bd3 c5 6. c3 Nc6 7. O-O Be7 8. e5 Nd7 9. Re1 g5 10. h3 h5 11. Nf1 g4 12. hxg4 hxg4 13. N3h2 cxd4 14. Nxg4 dxc3 15. bxc3 Bg5 16. f4 Bh4 17. g3 Be7 18. Kg2 d4 19. cxd4 Nxd4 20. Be4 Nc5 21. Be3 Nxe4 22. Qxd4 Qxd4 23. Bxd4 Nc5 24.
Nfe3 Nd7 25. Rh1 Rg8 26. Rh7 Nf8 27. Rh6 b5 28. Rc1 Bb7+ 29. Kf2 Rc8 30. Rxc8+ Bxc8 31.
Ke2 Ng6 32. Kd3 Bb7 33. Rh7 Bf3 34. Nh6 Rf8 35. Neg4 Bd5 36. a3 a5 37. Bc3 b4 38.
axb4 axb4 39. Bb2 b3 40. Kd4 Kd7 41. Nxf7 Kc6 42. Ne3 Ra8 43. Nxd5 exd5 44. Rh6 Ra2 45. Rxg6+ Kd7 46. Kc3 Ba3 47. Kxb3 Rxb2+ 48. Kxa3 Rb8 49.
Nd6 d4 50. Ne4 Ke7 51. Rd6 d3 52. Rxd3 Ra8+ 53. Kb4 Ra1 54. Nc5 Rb1+ 55. Kc4 Rg1 56. f5 Re1 57. Rd7+ Ke8 58. e6 Rc1+ 59. Kd5 Rd1+ 60.
Kc6 Rxd7 61. exd7+ Kd8 62. Ne6+ Ke7 63. d8=Q+ Kf7 64. Qf8# 1-0

[Event "*** Titled Tuesday 3|2 Blitz"]
[Site "Chess.com"]
[Date "2016.10.04"]
[Round "3"]
[White "Gordima"]
[Black "GianmarcoVaR"]
[Result "1-0"]
[WhiteElo "2557"]
[BlackElo "2385"]
[TimeControl "180+2"]
[EndTime "11:35:27 PDT"]
[Termination "Gordima won by resignation"]

1. e4 c6 2. Nc3 d5 3. Qe2 g6 4. exd5 cxd5 5. Qb5+ Nc6 6. Qxd5 Qxd5 7. Nxd5 Kd8 8. Nf3 Bg7 9. c3 e5 10. Ng5 Nh6 11. Bb5 f6 12. Ne4 Rf8 13. Nd6 Ne7 14.
Nxe7 Kxe7 15. Nxc8+ Raxc8 16. d3 Nf5 17. Bd2 Rfd8 18.
Ke2 Rd6 19. Ba4 a6 20. Rhd1 h5 21. Be1 Bh6 22. b4 Ng7 23. Bb3 Nf5 24. a4 Rb6 25. a5 Rxb4 26. cxb4 Nd4+ 27. Kf1 Nxb3 28. Ra3 Nd4 29.
Rc3 Rxc3 30. Bxc3 Nc6 31. d4 exd4 32. Bxd4 Bf4 33. Bc5+ Ke6 34. g3 Be5 35. Rd3 g5 36. f3 h4 37. gxh4 gxh4 38. h3 Kf5 39. Rd7 Bg3 40. Rxb7 Ne5 41. Ke2 Ng6 42. Be3 Bf4 43. b5 1-0

[Event "*** Titled Tuesday 3|2 Blitz"]
[Site "Chess.com"]
[Date "2016.10.04"]
[Round "3"]
[White "stefanodinn"]
[Black "AdrianaNikolova"]
[Result "0-1"]
[WhiteElo "2215"]
[BlackElo "2250"]
[TimeControl "180+2"]
[EndTime "11:35:29 PDT"]
[Termination "AdrianaNikolova won on time"]

1. e4 c5 2. Ne2 Nc6 3. Nbc3 Nf6 4. d4 cxd4 5. Nxd4 d6 6. Bg5 e6 7. Qd2 a6 8. O-O-O Bd7 9. f3 h6 10. Be3 b5 11. Kb1 Ne5 12. f4 Nc4 13. Bxc4 bxc4 14.
e5 Ng4 15. Qe2 Nxe3 16. Qxe3 d5 17. f5 Bc5 18. fxe6 fxe6 19. Rhf1 Qg5 20. Qh3 Bxd4 21.
Rxd4 Qxe5 22. Rdf4 O-O-O 23. Rf7 g5 24. a3 h5 25. g3 d4 26. Nd1 Qd5 27. Re1 e5 28. Qf1 Rhe8 29. Rf6 Bb5 30. Qf5+ Kb8 31. Qxg5 c3 32.
Rf5 d3 33. Nxc3 dxc2+ 0-1

[Event "*** Titled Tuesday 3|2 Blitz"]
[Site "Chess.com"]
[Date "2016.10.04"]
[Round "3"]
[White "BCNUM8"]
[Black "Usurpov"]
[Result "0-1"]
[WhiteElo "2135"]
[BlackElo "2294"]
[TimeControl "180+2"]
[EndTime "11:35:43 PDT"]
[Termination "Usurpov won by resignation"]

1. d4 Nf6 2. Bg5 g6 3. Bxf6 exf6 4. e3 Bg7 5. c4 f5 6. Nc3 d6 7. g3 O-O 8. Bg2 Nd7 9. Nge2 h5 10. h4 Nf6 11. b4 c6 12. a4 Re8 13. Qd3 Qe7 14.
b5 Bd7 15. Rb1 Ne4 16. bxc6 bxc6 17. Rb7 Nxc3 18. Nxc3 Reb8 19. Rxb8+ Rxb8 20. O-O Qd8 21. Rb1 Rxb1+ 22. Qxb1 c5 23. Qd3 Qa5 24. Nb5 Bxb5 25. axb5 cxd4 26. Kh2 Qc3 27. Qe2 d3 28. Qa2 Qc2 29.
Qxa7 Qxf2 30. Qa8+ Kh7 31. Qf3 Qc2 32. b6 d2 33. b7 d1=Q 34. Qxd1 Qxd1 35. b8=Q Qe2 36. Qxd6 Qxe3 37. c5 Be5 38. Qd7 Bxg3+ 39. Kh1 Qe1+ 0-1

[Event "*** Titled Tuesday 3|2 Blitz"]
[Site "Chess.com"]
[Date "2016.10.04"]
[Round "3"]
[White "hypert"]
[Black "Mepetmepe"]
[Result "1/2-1/2"]
[WhiteElo "2289"]
[BlackElo "2334"]
[TimeControl "180+2"]
[EndTime "11:35:43 PDT"]
[Termination "Game drawn by repetition"]

1. e4 c6 2. d4 d5 3. e5 c5 4.
dxc5 Nc6 5. Nf3 Bg4 6. Be3 e6 7. c3 Nh6 8. Bb5 Nf5 9. Bd4 Be7 10. h3 Bxf3 11. Qxf3 O-O 12. Bxc6 bxc6 13. O-O a5 14. a4 Rb8 15. Ra2 Qc7 16. Nd2 Qa7 17. g4 Nh4 18. Qe3 Qd7 19. Rb1 f6 20. b4 fxe5 21.
Bxe5 Rb7 22. Rab2 axb4 23. cxb4 Qd8 24. Bg3 Bg5 25. Qxe6+ Rbf7 26. Bxh4 Bxh4 27. Nf1 Kh8 28. Ng3 Bxg3 29. fxg3 d4 30. Qe4 d3 31. Rd1 Qf6 32. Rg2 Qc3 33. Qxd3 Qxb4 34. Qc2 h6 35. Kh2 Rf3 36.
g5 hxg5 37. Qg6 Qxa4 38. Rd7 Qa1 39. Qxg5 Rf1 40. Qh4+ Kg8 41. Qc4+ Kh8 42. Qh4+ Kg8 43. Qc4+ Kh8 44. Qh4+ 1/2-1/2

[Event "*** Titled Tuesday 3|2 Blitz"]
[Site "Chess.com"]
[Date "2016.10.04"]
[Round "3"]
[White "BellJackson95"]
[Black "Scott-fox21"]
[Result "0-1"]
[WhiteElo "2325"]
[BlackElo "2171"]
[TimeControl "180+2"]
[EndTime "11:35:53 PDT"]
[Termination "Scott-fox21 won by checkmate"]

1. e4 c5 2. Nf3 d6 3. d4 cxd4 4. Nxd4 Nf6 5. Nc3 Nc6 6. Be2 g6 7. O-O Bg7 8. Be3 O-O 9. Nb3 Be6 10. f4 Qc8 11. h3 h5 12. f5 gxf5 13. exf5 Bxf5 14.
Bxh5 Nb4 15. Nd4 Bxh3 16. a3 Nxh5 17. Qxh5 Bg4 18. Qg5 Nc6 19. Nd5 f6 20. Qg6 Qd7 21.
Rf4 Nxd4 22. Rxg4 Nf5 23. Rf1 e6 24. Rxf5 exf5 25. Rh4 Qe6 26. Qh7+ Kf7 27. Qh5+ Kg8 28. Qh7+ Kf7 29. Qh5+ Kg8 30. Qf3 Rfe8 31. Bd4 Qe1+ 32.
Qf1 Qxh4 33. Bc3 Re4 34. Nc7 Rc8 35. Nd5 Rce8 36. g3 Qxg3+ 37. Qg2 Re1+ 38. Bxe1 Rxe1# 0-1

[Event "*** Titled Tuesday 3|2 Blitz"]
[Site "Chess.com"]
[Date "2016.10.04"]
[Round "3"]
[White "Sven_Tica"]
[Black "LawrenceTrent"]
[Result "1-0"]
[WhiteElo "2394"]
[BlackElo "2493"]
[TimeControl "180+2"]
[EndTime "11:35:54 PDT"]
[Termination "Sven_Tica won on time"]

1. d4 Nf6 2. c4 e6 3. g3 d5 4.
Bg2 Be7 5. Nf3 O-O 6. O-O dxc4 7. Ne5 Nc6 8. Nxc6 bxc6 9. Na3 Bxa3 10. bxa3 Nd5 11. Qa4 Rb8 12. Qxc4 Bd7 13. e4 Nb6 14. Qc2 Qc8 15. Bd2 Qa6 16. Bb4 Rfd8 17. Rfd1 Be8 18.
Rac1 Qa4 19. Qc5 h6 20. Qe7 a5 21. Bc5 Rd7 22. Qf8+ Kh7 23. Bxb6 cxb6 24. e5 Rxd4 25. Rxd4 Qxd4 26. Re1 Rd8 27. Be4+ g6 28. Qe7 c5 29. h4 h5 30. Qg5 Kg8 31. g4 hxg4 32. h5 Qd2 33. Re3 Qc1+ 34. Kg2 Rd1 35. h6 Rg1+ 36.
Kh2 Qf1 37. Qf6 g3+ 38. Rxg3 1-0

[Event "*** Titled Tuesday 3|2 Blitz"]
[Site "Chess.com"]
[Date "2016.10.04"]
[Round "3"]
[White "VSERGUEI"]
[Black "dretch"]
[Result "1-0"]
[WhiteElo "2516"]
[BlackElo "2624"]
[TimeControl "180+2"]
[EndTime "11:36:03 PDT"]
[Termination "VSERGUEI won on time"]

1. d4 d5 2. c4 c6 3. cxd5 cxd5 4.
Bf4 Nc6 5. e3 Nf6 6. Nc3 Bf5 7.
Qb3 Na5 8. Qa4+ Bd7 9. Qc2 e6 10. Bd3 Nc6 11. a3 Nh5 12. Bg3 Rc8 13. Nf3 Be7 14.
Rc1 g6 15. Be5 f6 16. Bg3 f5 17. Be5 O-O 18. h3 Nxe5 19. Nxe5 Bh4 20. O-O Bf6 21. Qb3 Bxe5 22. dxe5 d4 23. exd4 Nf4 24. Ne2 Nxd3 25. Qxd3 f4 26. d5 Bc6 27. d6 Qg5 28. Rxc6 bxc6 29. d7 Rcd8 30. Qd6 f3 31. Ng3 fxg2 32. Kxg2 Qf4 33. Qxe6+ Kh8 34. Qe7 h5 35. e6 h4 36.
Nh1 Qf3+ 37. Kh2 Qf4+ 38. Kg1 Qe4 39. Qd6 Rf5 40. e7 Rg8 41. d8=Q 1-0